 Dungeon Crawl Stone Soup version 0.24.0-123-gd5b16e6ec5 (webtiles) character file.

Game seed: 15548573706099469954, levelgen mode: deterministic

18620 Gynju the Blocker (level 12, -4/77 HPs)
             Began as a Gargoyle Fighter on Feb 12, 2020.
             Was a High Priest of Okawaru.
             Slain by a killer bee (8 damage)
             ... on level 4 of the Lair of Beasts.
             The game lasted 00:33:42 (15714 turns).

Gynju the Blocker (Gargoyle Fighter)               Turns: 15714, Time: 00:33:43

Health: -4/77      AC: 28    Str: 31    XL:     12   Next: 60%
Magic:  0/18       EV:  7    Int: 10    God:    Okawaru [*****.]
Gold:   1042       SH: 13    Dex:  9    Spells: 11/11 levels left

rFire    . . .     SeeInvis .   D - +7 war axe of Gallantry {drain, rC+ Str+4}
rCold    + . .     Gourm    .   c - +0 shield
rNeg     + . .     Faith    .   I - +0 plate armour
rPois    ∞         Spirit   +   O - +1 hat
rElec    +         Reflect  .   T - scarf {Spirit}
rCorr    +         Harm     .   x - +1 pair of gloves
MR       .....                  q - +0 pair of boots {Stlth+}
Stlth    ..........             l - amulet of the acrobat
HPRegen  0.22/turn              p - ring of resist corrosion
MPRegen  0.16/turn              P - +3 ring of strength

@: no status effects
A: negative energy resistance 1, electricity resistance, unbreathing,
petrification resistance, rot immunity, AC +8
a: Heroism, Finesse, Renounce Religion


You were on level 4 of the Lair of Beasts.
You worshipped Okawaru.
Okawaru was extremely pleased with you.
You were hungry.

You visited 4 branches of the dungeon, and saw 16 of its levels.
You also visited: Sewer.

You collected 1042 gold pieces.

Inventory:

Hand Weapons
 b - a +0 hunting sling
 C - the +6 whip "Zoeriuwo" {freeze, rPois rN+ Dex+6}
   (You found it on level 5 of the Dungeon)

   It has been specially enchanted to freeze those struck by it, causing extra
   injury to most foes and up to half again as much damage against particularly
   susceptible opponents.
   It can also slow down cold-blooded creatures.
   It affects your dexterity (+6).
   It protects you from poison.
   It protects you from negative energy.
 D - the +7 war axe of Gallantry (weapon) {drain, rC+ Str+4}
   (You found it on level 5 of the Dungeon)

   A truly terrible weapon, it drains the life of those it strikes.
   It affects your strength (+4).
   It protects you from cold.
 F - the +3 morningstar "Puhor" {crush, MR+}
   (You found it on level 5 of the Dungeon)

   It inflicts extra damage upon your enemies.
   It affects your resistance to hostile enchantments.
Missiles
 g - 430 stones
 o - 107 sling bullets
 t - 9 javelins
 A - 54 poisoned darts (quivered)
 G - 2 throwing nets
Armour
 c - a +0 shield (worn)
 q - a +0 pair of boots of stealth (worn)
 x - a +1 pair of gloves (worn)
 I - a +0 plate armour (worn)
 O - a +1 hat (worn)
 T - a scarf of spirit shield (worn)
Jewellery
 a - an uncursed ring of ice
 l - an amulet of the acrobat (around neck)
 p - a ring of resist corrosion (left hand)
 y - an uncursed ring of protection from cold {unknown}
 P - a +3 ring of strength (right hand)
Wands
 i - a wand of polymorph (11)
 B - a wand of acid (10)
 J - a wand of disintegration (21)
 K - a wand of digging (2)
 S - a wand of clouds (6)
Scrolls
 h - 4 scrolls of teleportation
 m - 2 scrolls of fear
 n - 3 scrolls of amnesia
 u - 5 scrolls of remove curse {@r2}
 E - a scroll of vulnerability
 H - a scroll of enchant weapon
 M - 2 scrolls of magic mapping
 Q - a scroll of blinking
 R - a scroll of identify {@r1}
Potions
 d - 4 potions of might
 e - 2 potions of cancellation
 j - 5 potions of agility
 k - 2 potions of flight
 r - 2 potions of mutation
 s - 16 potions of curing {@q1}
 v - 3 potions of ambrosia
 w - 8 potions of heal wounds
 z - 2 potions of brilliance
 L - a potion of invisibility
 N - a potion of haste
Comestibles
 f - 32 rations


   Skills:
 - Level 10.0 Fighting
 - Level 0.6(5.5) Axes
 + Level 9.6(9.7) Maces & Flails
 - Level 10.0 Armour
 + Level 10.8 Shields
 + Level 8.9 Invocations
 - Level 5.0 Evocations


You had 11 spell levels left.
You didn't know any spells.
Your spell library contained the following spells:

 Spells                   Type           Power        Failure   Level  Hunger
 Confusing Touch          Hex            #.....       99%         1    ##.....
 Confuse                  Hex            #.......     100%        3    ####...
 Gell's Gravitas          Tloc           #.........   100%        3    ####...
 Petrify                  Tmut/Erth      #.......     100%        4    #####..
 Metabolic Englaciation   Hex/Ice        #.........   100%        5    ######.
 Yara's Violent Unravell  Hex/Tmut       #.........   100%        5    ######.


Dungeon Overview and Level Annotations

Branches:
Dungeon (10/15)            Temple (1/1) D:5            Lair (4/6) D:8
 Spider (0/4) Lair:3          Orc (1/2) D:9           Sewer (visited)
  Swamp: Lair:2-4    Shoals: Lair:2-4

Altars:
Ashenzari
Cheibriados
Dithmenos
Elyvilon
Fedhas
Gozag
Hepliaklqana
Kikubaaqudgha
Makhleb
Nemelex Xobeh
Okawaru
Qazlal
Ru
Sif Muna
Trog
Uskayaw
Vehumet
Wu Jian
Xom
Yredelemnul
Zin
The Shining One

Shops:
D:6 (

Annotations:
D:6 1 runed translucent door, 1994's ghost, novice NaFi


Innate Abilities, Weirdness & Mutations

You are resistant to torment.
Your stone body is resilient. (AC +8)
You are immune to poison.
You resist negative energy. (rN+)
You are resistant to electric shocks. (rElec)
You can survive without breathing.
You are immune to petrification.
You are immune to rotting.


Message History

The killer bee stings you but does no damage.
You slice the queen bee!!
You kill the queen bee!
Okawaru accepts your kill.
Your plate armour prevents you from hitting the meliai.
You barely miss the killer bee. x2; The killer bee stings you.
* * * LOW HITPOINT WARNING * * *
The meliai hits you but does no damage. The meliai completely misses you.
The killer bee stings you!
* * * LOW HITPOINT WARNING * * *
You block the meliai's attack. The meliai completely misses you.
The killer bee stings you but does no damage.
The killer bee stings you!
* * * LOW HITPOINT WARNING * * *
You block the killer bee's attack. You block the meliai's attack.
The meliai stings you but does no damage.
You block the killer bee's attack.
The killer bee rages.
The killer bee stings you!
You die... #### .......####.#.# ...# ....#.P#<.#...### P##PP

.###
.......<#..P....###.....
.##
#...#....#Py.....#......
..# #
#.................. #.#
##..P.y..........# ###
##..yyy##.#.....##. ####
####..#y## ##........
.#.##
#....yy@####.<.......
....#
#.....yy.............
....#
##..........#.#.....(.
....#
#......#....#)........
....#
####.##.......##......
....## ##....##..##
...#.# .....# ##.....P.#
.... # ..#.## ##.......#
...## #..####
###...#....#


You could see a meliai (berserk) and 9 killer bees.

Vanquished Creatures
  2 hydras (Lair:1)
  2 two-headed ogres (D:9)
  3 black mambas
  4 spiny frogs
  A rime drake (Lair:2)
  4 komodo dragons
  2 meliai
  A queen bee (Lair:4)
  5 blink frogs (Lair:1)
  4 hippogriffs
  2 wyverns (Lair:3)
  3 basilisks
  10 yaks
  A steam dragon (D:8)
  7 water moccasins
  3 porcupines
  5 orc warriors
  4 ice beasts
  4 sky beasts
  A black bear (D:8)
  An eye of draining (D:8)
  2 ogres
  2 phantoms
  9 wolves
  2 centaurs
  9 crocodiles
  4 big kobolds (Sewer)
  10 bullfrogs
  A wyvern skeleton (D:6)
  4 scorpions
  11 killer bees
  5 howler monkeys
  A jelly (D:3)
  8 crimson imps
  2 hounds
  2 bullfrog skeletons
  8 orc priests
  15 orc wizards
  3 iguanas (D:6)
  10 worker ants
  A worker ant zombie (D:8)
  A howler monkey skeleton (D:4)
  17 adders
  6 river rats (Sewer)
  4 shadow imps
  An ooze (D:4)
  2 adder skeletons
  2 worms
  3 dart slugs (D:1)
  8 leopard geckos
  45 orcs
  6 ball pythons
  7 giant cockroaches
  6 goblins
  15 hobgoblins
  8 jackals
  20 kobolds
  9 quokkas
  7 bats
  13 frilled lizards
  31 rats
389 creatures vanquished.

Vanquished Creatures (others)
  A fungus (Lair:4)
  4 plants (D:2)
5 creatures vanquished.

Grand Total: 394 creatures vanquished

Notes
Turn   | Place    | Note
-------+----------+-------------------------------------------
     0 | D:1      | Gynju the Gargoyle Fighter began the quest for the Orb.
     0 | D:1      | Reached XP level 1. HP: 14/14 MP: 1/1
   252 | D:1      | Reached XP level 2. HP: 19/19 MP: 2/2
   492 | D:1      | Reached XP level 3. HP: 23/23 MP: 3/3
  1216 | D:2      | Found a sparkling altar of Nemelex Xobeh.
  1489 | D:2      | Reached XP level 4. HP: 29/29 MP: 4/4
  1613 | D:2      | Found a shadowy altar of Dithmenos.
  1614 | D:2      | Found a stormy altar of Qazlal.
  2398 | D:3      | Reached XP level 5. HP: 28/33 MP: 5/5
  3319 | D:3      | Found an opulent altar of Gozag.
  3554 | D:4      | Reached XP level 6. HP: 35/39 MP: 6/6
  3873 | D:3      | HP: 2/40 [worker ant (5)]
  4305 | D:4      | Found a glowing golden altar of the Shining One.
  4908 | D:5      | Entered Level 5 of the Dungeon
  4950 | D:5      | Reached skill level 5 in Fighting
  4962 | D:5      | Reached skill level 5 in Armour
  4962 | D:5      | Reached skill level 5 in Shields
  4992 | D:5      | Found a glowing drain.
  5057 | D:5      | Reached XP level 7. HP: 43/44 MP: 7/7
  5091 | Sewer    | Entered a sewer
  5838 | Sewer    | Reached XP level 8. HP: 48/51 MP: 8/8
  6383 | D:5      | Reached skill level 5 in Maces & Flails
  6446 | D:5      | Found a staircase to the Ecumenical Temple.
  6496 | D:5      | Got a dazzling whip
  6506 | D:5      | Got an ancient war axe
  6545 | Temple   | Entered the Ecumenical Temple
  6546 | Temple   | Identified the +6 whip "Zoeriuwo" {freeze, rPois rN+ Dex+6}
                  | (You found it on level 5 of the Dungeon)
  6547 | Temple   | Identified the +7 war axe of Gallantry {drain, rC+ Str+4}
                  | (You found it on level 5 of the Dungeon)
  6688 | Temple   | Became a worshipper of Warmaster Okawaru
  6863 | D:5      | Reached skill level 1 in Invocations
  7190 | D:5      | Got an iridescent morningstar
  7191 | D:5      | Identified the +3 morningstar "Puhor" {crush, MR+} (You
                  | found it on level 5 of the Dungeon)
  7297 | D:6      | Reached * piety under Okawaru
  7391 | D:6      | Reached XP level 9. HP: 35/57 MP: 10/10
  7746 | D:6      | Found a radiant altar of Vehumet.
  7823 | D:6      | Found Noggyal's Antique Weapon Shop.
  7871 | D:6      | Found a runed translucent door.
  7872 | D:6      | Noticed 1994's ghost (novice NaFi)
  8676 | D:7      | Reached ** piety under Okawaru
  8842 | D:7      | Found a white marble altar of Elyvilon.
  9257 | D:8      | Reached XP level 10. HP: 65/65 MP: 12/12
  9347 | D:8      | Found a staircase to the Lair.
  9443 | D:8      | Reached skill level 1 in Evocations
  9492 | D:8      | Reached *** piety under Okawaru
 10054 | D:8      | Received a gift from Okawaru
 10248 | D:8      | Reached **** piety under Okawaru
 10400 | D:9      | Found a staircase to the Orcish Mines.
 10402 | D:9      | Noticed a two-headed ogre
 10414 | D:9      | Killed a two-headed ogre
 10525 | D:9      | Reached skill level 5 in Invocations
 10732 | D:9      | Noticed a two-headed ogre
 10741 | D:9      | Killed a two-headed ogre
 10741 | D:9      | Reached XP level 11. HP: 53/72 MP: 14/14
 11077 | D:10     | Entered Level 10 of the Dungeon
 11096 | Orc:1    | Entered Level 1 of the Orcish Mines
 11136 | Orc:1    | Reached skill level 10 in Fighting
 11156 | Orc:1    | Reached skill level 10 in Armour
 11456 | Lair:1   | Entered Level 1 of the Lair of Beasts
 11475 | Lair:1   | Reached ***** piety under Okawaru
 11919 | Lair:1   | Noticed a five-headed hydra
 11932 | Lair:1   | Killed a five-headed hydra
 12180 | Lair:1   | Noticed a seven-headed hydra
 12198 | Lair:1   | Killed a seven-headed hydra
 12730 | Lair:1   | Received a gift from Okawaru
 13405 | Lair:2   | Reached skill level 5 in Evocations
 13421 | Lair:2   | Reached XP level 12. HP: 63/77 MP: 13/17
 13847 | Lair:2   | Reached skill level 10 in Shields
 14579 | Lair:3   | Found a hole to the Spider Nest.
 14581 | Lair:3   | Found a shimmering altar of Xom.
 15714 | Lair:4   | Slain by a killer bee

Levels and vault maps discovered:
D:1:      psy_arrival_dodecagon, layout_loops_corners, minmay_domino_4
D:2:      layout_loops_ring, gammafunk_temple_overflow_pools,
          nemelex_xobeh_ov_fountains_minmay, minmay_lizard_king
D:3:      layout_loops_corners, lemuel_coloured_pillars_altar
D:4:      layout_basic, first_ration, minmay_misc_feat_tiny,
          nicolae_tso_carved_into_rock
D:5:      layout_basic, minmay_temple_entry_mini_moons,
          cheibrodos_sewer_entry_drain
D:6:      layout_loops_ring, overflow_temple_1_default,
          ebering_ghost_reflecting_pool, serial_shops,
          nicolae_shop_behind_doors, st_stairs_7
D:7:      layout_basic, lemuel_crystal_altar
D:8:      layout_basic, lair_entry_dummy
D:9:      layout_cave_pools, orc_0_dummy, serial_column_ruins, column_ruins_hut,
          column_ruins_hut, column_ruins_grid_1, column_ruins_open_tiny,
          column_ruins_open_small, column_ruins_columns_dead_end,
          column_ruins_grid_1, column_ruins_columns_T, column_ruins_grid_1,
          grunt_ogre_cave
D:10:     layout_loops_ring, uniq_snorg
Temple:   nicolae_temple_elliptical
Lair:1:   layout_long_grid
Lair:2:   layout_big_grid
Lair:3:   layout_small_grid, spider_nest_entry_web_field, basic_altar,
          grunt_megastairs_2
Lair:4:   layout_misc_corridors, minmay_swamp_entry_wisps, special_room
          [special_room_bee], serial_bayou_shore_b
Orc:1:    nicolae_orc_accident_2, layout_diamond_mine, serial_shops, shop,
          minmay_orc_temple_b

Skill      XL: |  1  2  3  4  5  6  7  8  9 10 11 12 |
---------------+-------------------------------------+-----
Fighting       | 4 5 7 8 9 10 | 10.0
Shields        | 4 5 6 7 8 9 10 | 10.8
Armour         | 4 5 7 8 9 10 | 10.0
Maces & Flails | 3 4 5 6 7 8 9 |  9.6
Invocations    | 2 3 5 7 8 |  8.9
Evocations     | 2 5 |  5.0
Axes           | |  0.6

Action                   |  1- 3 |  4- 6 |  7- 9 | 10-12 || total
-------------------------+-------+-------+-------+-------++-------
Melee: Flail             |   149 |   375 |   301 |       ||   825
       Morningstar       |       |       |   232 |   209 ||   441
       War axe           |       |       |    18 |    16 ||    34
       Whip              |       |       |       |   584 ||   584
Throw: Dart              |       |       |       |     5 ||     5
Invok: Heroism           |       |       |     1 |     2 ||     3
       Finesse           |       |       |       |     1 ||     1
  Use: Scroll            |       |    12 |     8 |    10 ||    30
  Eat: Chunk             |     2 |    12 |    12 |    17 ||    43
       Ration            |       |       |     1 |     1 ||     2
Armor: Scale mail        |    64 |   210 |       |       ||   274
       Chain mail        |       |    18 |   324 |       ||   342
       Plate armour      |       |       |    80 |   458 ||   538
Dodge: Dodged            |    51 |   162 |   189 |   218 ||   620
Block: Shield            |    78 |   242 |   335 |   500 ||  1155
